[Event "January 9 Early 2024"]
[Site "https://www.chess.com"]
[Date "2024.01.11"]
[Round "11"]
[White "Carrillo Marval, Maria Angelica"]
[Black "Smirnov, Timofey"]
[Result "1-0"]
[Board "122"]
[TimeControl "180+1"]
[WhiteFideId "3911853"]
[BlackFideId "24176427"]
[WhiteElo "2106"]
[BlackElo "1992"]
[WhiteTeam "PAN"]
[BlackTeam "RUS"]
[WhiteClock "0:00:05"]
[BlackClock "0:00:03"]

1. e4 e5 2. Nf3 Nf6 3. Nxe5 d6 4. Nf3 Nxe4 5. d4 d5 6. Bd3 Nc6 7. O-O Be7 8. Re1 Bg4 9. Bxe4 dxe4 10. Rxe4 Bxf3 11. Qxf3 Nxd4 12. Qd1 Nb3 13. Rxe7+ Qxe7 14. axb3 O-O 15. Be3 Rad8 16. Nd2 a6 17. Qf3 c6 18. Re1 Rfe8 19. h3 Qc7 20. Rf1 Rd7 21. Nc4 Rde7 22. Bf4 Qd7 23. Nd6 Rd8 24. Bg3 Qe6 25. Rd1 Red7 26. c4 h6 27. c5 b6 28. b4 bxc5 29. bxc5 Qg6 30. Qxc6 Qh5 31. Qd5 Qxd5 32. Rxd5 a5 33. b4 axb4 34. Rd3 Rb8 35. Rb3 1-0

[Event "January 9 Early 2024"]
[Site "https://www.chess.com"]
[Date "2024.01.11"]
[Round "11"]
[White "Drygalov, Sergey"]
[Black "Erigaisi Arjun"]
[Result "0-1"]
[Board "123"]
[TimeControl "180+1"]
[WhiteFideId "24171743"]
[BlackFideId "35009192"]
[WhiteElo "2954"]
[BlackElo "3034"]
[WhiteTeam "RUS"]
[BlackTeam "IND"]
[WhiteClock "0:00:07"]
[BlackClock "0:00:54"]

1. d4 e6 2. c4 c5 3. d5 exd5 4. cxd5 d6 5. Nc3 a6 6. a4 g6 7. e4 Bg7 8. h3 Ne7 9. Nf3 O-O 10. Bd3 f5 11. O-O Nd7 12. Re1 Ne5 13. Ng5 f4 14. Be2 N7c6 15. Ne6 Bxe6 16. dxe6 Nd4 17. Nd5 Nxe6 18. Bg4 Nxg4 19. Qxg4 Qe8 20. Nxf4 Nd4 21. Qd1 Qf7 22. Be3 Rae8 23. Qd3 c4 24. Qb1 Nb3 25. Ra3 Bd4 26. Rxb3 cxb3 27. Bxd4 Qxf4 28. Qd3 Qf7 29. Re2 d5 30. e5 Qe6 31. Qxb3 Rf4 32. Qd3 Rc8 33. b3 Qf5 34. Qd2 Re4 35. Rxe4 Qxe4 36. Bc3 d4 37. Qxd4 Qxd4 38. Bxd4 Rc1+ 39. Kh2 Rb1 40. e6 Rxb3 41. Bf6 Rb6 42. e7 Kf7 43. Bg5 Rb4 44. a5 Rb5 45. Bd2 Kxe7 46. Kg3 Ke6 47. Kf4 Rb2 48. Ke3 b6 49. axb6 Rxb6 50. Kd4 Rb2 51. Kc3 Ra2 52. Be3 Kd5 53. Kb3 Re2 54. Kb4 Rxe3 0-1

[Event "January 9 Early 2024"]
[Site "https://www.chess.com"]
[Date "2024.01.11"]
[Round "11"]
[White "Bueno, Alfeu Junior Varela"]
[Black "Gurevich, Dmitry"]
[Result "0-1"]
[Board "124"]
[TimeControl "180+1"]
[WhiteFideId "2108879"]
[BlackFideId "2000407"]
[WhiteElo "2416"]
[BlackElo "2533"]
[WhiteTeam "BRA"]
[BlackTeam "USA"]
[WhiteClock "0:00:01"]
[BlackClock "0:00:16"]

1. e4 c5 2. Nc3 g6 3. f4 Bg7 4. Nf3 Nc6 5. Bb5 Nd4 6. O-O a6 7. Bc4 d6 8. Nxd4 cxd4 9. Ne2 Nf6 10. Ng3 Nxe4 11. Nxe4 d5 12. Bd3 dxe4 13. Bxe4 f5 14. Bf3 d3 15. cxd3 Qxd3 16. Re1 e6 17. Qa4+ Bd7 18. Qb4 Qd4+ 19. Qxd4 Bxd4+ 20. Kh1 Kf7 21. d3 Bc6 22. Be3 Bxe3 23. Bxc6 Bxf4 24. Bxb7 Ra7 25. Bc6 Rc8 26. Ba4 Kf6 27. g3 Bh6 28. d4 Rd8 29. Rad1 Rb7 30. Bb3 Rd6 31. Re2 Rbb6 32. Kg2 a5 33. Kf3 g5 34. h3 Bg7 35. Rc2 h5 36. g4 hxg4+ 37. hxg4 Rb4 38. gxf5 exf5 39. Rc4 Rxc4 40. Bxc4 g4+ 41. Kg3 Kg5 42. d5 Be5+ 43. Kf2 Bxb2 44. Re1 f4 45. Re6 Ba3 46. Re8 Bc5+ 47. Ke2 f3+ 0-1

[Event "January 9 Early 2024"]
[Site "https://www.chess.com"]
[Date "2024.01.11"]
[Round "11"]
[White "Krishnan, Ritvik"]
[Black "Rakitin, Daniil"]
[Result "0-1"]
[Board "125"]
[TimeControl "180+1"]
[WhiteFideId "45055297"]
[BlackFideId "24219762"]
[WhiteElo "2511"]
[BlackElo "2683"]
[WhiteTeam "IND"]
[BlackTeam "RUS"]
[WhiteClock "0:00:05"]
[BlackClock "0:00:05"]

1. e4 c5 2. Nf3 Nc6 3. d4 cxd4 4. Nxd4 Nf6 5. Nc3 d6 6. Bg5 e6 7. Qd2 a6 8. O-O-O Bd7 9. Kb1 Be7 10. Nxc6 Bxc6 11. f3 Rc8 12. Be3 O-O 13. g4 b5 14. Ne2 d5 15. e5 Nd7 16. Bd4 Nb6 17. Ng3 Nc4 18. Qc1 Qc7 19. f4 f6 20. Bxc4 dxc4 21. Rhe1 Bf3 22. exf6 Bxf6 23. Bxf6 Rxf6 24. Rd4 Bxg4 25. Qe3 Rcf8 26. Qd2 Rxf4 27. Rd7 c3 28. bxc3 Qc4 29. Qd6 e5 30. Re7 Qxc3 31. R7xe5 R4f6 32. Qd5+ Kh8 33. Ne4 Qxe1+ 34. Kb2 Qb4+ 35. Kc1 Rf1+ 36. Qd1 Rxd1# 0-1

[Event "January 9 Early 2024"]
[Site "https://www.chess.com"]
[Date "2024.01.11"]
[Round "11"]
[White "Krivenko, Dion"]
[Black "Baules Rodriguez, Jorge Luis"]
[Result "0-1"]
[Board "126"]
[TimeControl "180+1"]
[WhiteFideId "4508378"]
[BlackFideId "6600247"]
[WhiteElo "2450"]
[BlackElo "2574"]
[WhiteTeam "EST"]
[BlackTeam "PAN"]
[WhiteClock "0:00:03"]
[BlackClock "0:00:17"]

1. e4 c5 2. Nf3 d6 3. d4 cxd4 4. Qxd4 Nc6 5. Bb5 Bd7 6. Bxc6 Bxc6 7. Nc3 Nf6 8. Bg5 e6 9. O-O-O Be7 10. Qd3 Qa5 11. h4 O-O 12. Nd4 Rac8 13. f4 Rfe8 14. f5 Bd7 15. Nb3 Qe5 16. Rde1 b5 17. a3 Ng4 18. Qf3 h5 19. Bf4 Qf6 20. Bg5 Qe5 21. f6 Rxc3 22. bxc3 Bxf6 23. Bxf6 Nxf6 24. Kb2 Bc6 25. Nd4 Bxe4 26. Qe2 d5 27. Rhf1 a5 28. Qd2 Rc8 29. Qg5 Qxg5 30. hxg5 Ng4 31. Re2 Ne5 32. Nxb5 Rb8 33. a4 Nc4+ 34. Kb3 Nb6 35. Rfe1 Bf5 36. Rf2 g6 37. Re3 Bg4 38. Rg3 Nc4 39. Rf4 Ne5 40. Rd4 Nc6 41. c4 Nxd4+ 42. Kc3 dxc4 43. Kxc4 Nxb5 44. axb5 Be2+ 45. Kd4 Bxb5 46. Ke5 Rd8 47. Rb3 Rd5+ 48. Kf6 Kf8 49. Rc3 Rf5# 0-1

[Event "January 9 Early 2024"]
[Site "https://www.chess.com"]
[Date "2024.01.11"]
[Round "11"]
[White "Sanal, Vahap"]
[Black "Tarhan, Adar"]
[Result "1-0"]
[Board "127"]
[TimeControl "180+1"]
[WhiteFideId "6300545"]
[BlackFideId "34544712"]
[WhiteElo "2923"]
[BlackElo "2693"]
[WhiteTeam "TUR"]
[BlackTeam "TUR"]
[WhiteClock "0:00:18"]
[BlackClock "0:00:08"]

1. e4 c6 2. Nf3 d5 3. d3 Bg4 4. h3 Bxf3 5. Qxf3 e6 6. g3 Nd7 7. Bg2 Ngf6 8. O-O h5 9. Re1 dxe4 10. dxe4 Ne5 11. Qc3 Ng6 12. e5 Nd5 13. Qb3 Qd7 14. c4 Nb6 15. h4 Bc5 16. Nc3 O-O-O 17. Ne4 Bd4 18. Bg5 Nxe5 19. Bxd8 Rxd8 20. Rad1 Nbxc4 21. Kh1 Qe7 22. f4 Na5 23. Qa4 Nec4 24. b4 b5 25. Qc2 Qxb4 26. Ng5 Ne3 27. Qd2 Qxd2 28. Rxd2 Nac4 29. Rd3 Ng4 30. Nh3 Kc7 31. Bf3 Nf2+ 32. Nxf2 Bxf2 33. Rxd8 Kxd8 34. Re2 Bxg3 35. Bxc6 a6 36. Rg2 Bxf4 37. Rxg7 Ne5 38. Be4 Ke7 39. Rh7 Bg3 40. Rxh5 f5 41. Bb7 Ng6 42. Rg5 Nxh4 43. Rxg3 Kf6 44. Bxa6 f4 45. Rg4 Ng6 46. Bxb5 Kf5 47. Rxg6 Kxg6 48. a4 Kf6 49. a5 1-0

[Event "January 9 Early 2024"]
[Site "https://www.chess.com"]
[Date "2024.01.11"]
[Round "11"]
[White "Vela Frago, Alberto"]
[Black "Srihari L R"]
[Result "0-1"]
[Board "128"]
[TimeControl "180+1"]
[WhiteFideId "24531685"]
[BlackFideId "46617116"]
[WhiteElo "2399"]
[BlackElo "2676"]
[WhiteTeam "ESP"]
[BlackTeam "IND"]
[WhiteClock "0:00:03"]
[BlackClock "0:00:24"]

1. e4 d6 2. d4 Nf6 3. Nc3 e5 4. d5 g6 5. Be3 Bg7 6. Qd2 Ng4 7. Bg5 f6 8. Bh4 h5 9. f3 Nh6 10. Bb5+ Bd7 11. Bxd7+ Nxd7 12. Nge2 g5 13. Bf2 a6 14. O-O-O Qe7 15. h4 g4 16. Be3 O-O-O 17. Na4 f5 18. Bg5 Nf6 19. Qc3 Kb8 20. Qb3 gxf3 21. gxf3 fxe4 22. fxe4 Nhg4 23. Rdf1 Bh6 24. Rf5 Nxe4 25. Bxh6 Nxh6 26. Rxh5 Qf7 27. Rg5 Nxg5 28. hxg5 Ng4 29. Rg1 Qf2 30. Qg3 Qxe2 31. Qxg4 Qf2 32. g6 Rh2 33. Qd1 Rg2 34. Rxg2 Qxg2 35. Qh5 Qg1+ 36. Kd2 Qd4+ 37. Kc1 Qxa4 38. g7 Qf4+ 39. Kd1 Qf1+ 40. Kd2 Qg2+ 41. Kc3 Qxg7 42. Qf5 Rf8 43. Qe6 Rf3+ 44. Kb4 Rf4+ 45. c4 Qf7 46. Qh6 b6 47. a4 Qxd5 48. Qh8+ Kb7 49. a5 Qxc4+ 50. Ka3 Qa4# 0-1

[Event "January 9 Early 2024"]
[Site "https://www.chess.com"]
[Date "2024.01.11"]
[Round "11"]
[White "Batsiashvili, Nino"]
[Black "Prudnykova, Olga"]
[Result "1-0"]
[Board "129"]
[TimeControl "180+1"]
[WhiteFideId "13602993"]
[BlackFideId "14121093"]
[WhiteElo "2509"]
[BlackElo "2288"]
[WhiteTeam "GEO"]
[BlackTeam "ISL"]
[WhiteClock "0:00:13"]
[BlackClock "0:00:02"]

1. g3 Nf6 2. Bg2 g6 3. e4 d5 4. e5 Ng8 5. f4 e6 6. Nf3 Ne7 7. O-O c5 8. c3 Nbc6 9. d3 h5 10. Na3 Qb6 11. Nc2 Nf5 12. Qe1 Be7 13. Bd2 Qxb2 14. Ne3 Nxe3 15. Bxe3 Qa3 16. h4 b6 17. Ng5 Ba6 18. Qd2 c4 19. d4 Bxg5 20. fxg5 Ne7 21. Rf6 Nf5 22. Rf1 Qe7 23. R1xf5 gxf5 24. g6 fxg6 25. Bg5 O-O-O 26. Rxg6 Qf7 27. Rf6 Qd7 28. Bf3 Rdg8 29. Kh2 Bb5 30. Qb2 Ba4 31. Bh6 Rh7 32. Bf4 Rhh8 33. Qe2 Qe7 34. Bxh5 Bc2 35. Bf7 Bd3 36. Qf2 Rf8 37. Bxe6+ Kb8 38. Rxf8+ Rxf8 39. Bxd5 Kc8 40. Bf3 Rg8 41. d5 Qh7 42. d6 Kd7 43. Bd5 Rg4 44. e6+ Ke8 45. Bc6+ Kf8 46. e7+ 1-0

[Event "January 9 Early 2024"]
[Site "https://www.chess.com"]
[Date "2024.01.11"]
[Round "11"]
[White "Kruckenhauser, Arthur"]
[Black "Harriott, Tyrell"]
[Result "1-0"]
[Board "130"]
[TimeControl "180+1"]
[WhiteFideId "1642812"]
[BlackFideId "2086484"]
[WhiteElo "2532"]
[BlackElo "2353"]
[WhiteTeam "AUT"]
[BlackTeam "USA"]
[WhiteClock "0:00:11"]
[BlackClock "0:00:10"]

1. e4 d5 2. exd5 Nf6 3. Nc3 Nxd5 4. g3 g6 5. Bg2 c6 6. Nf3 Bg7 7. O-O O-O 8. Re1 Na6 9. Nxd5 cxd5 10. d4 Nc7 11. Bg5 f6 12. Bd2 Be6 13. Qe2 Re8 14. Rad1 Bf7 15. c3 Qd7 16. Qd3 b5 17. Bf4 a6 18. Nd2 Rad8 19. Nb3 Qc8 20. Nc5 e5 21. dxe5 fxe5 22. Bg5 Rd6 23. b4 Qg4 24. h4 h6 25. Bc1 g5 26. Bf3 Qh3 27. Bg2 Qg4 28. hxg5 hxg5 29. Qf3 Qc8 30. Bxg5 e4 31. Qe3 Ne6 32. Nxe4 dxe4 33. Rxd6 Nxg5 34. Qxg5 Qxc3 35. Red1 Qxb4 36. Rd8 Qa4 37. Rxe8+ Bxe8 38. Rd8 Kf7 39. Qh5+ Kf6 40. Rxe8 Qd4 41. Qh4+ Kf7 42. Qxe4 Qd1+ 43. Kh2 Qh5+ 44. Kg1 Qd1+ 45. Bf1 Bf8 46. Qe6+ Kg7 47. Qg4+ Kf7 48. Qxd1 1-0

[Event "January 9 Early 2024"]
[Site "https://www.chess.com"]
[Date "2024.01.11"]
[Round "11"]
[White "Korol, Dimitry"]
[Black "Bazilius, Augustinas"]
[Result "0-1"]
[Board "131"]
[TimeControl "180+1"]
[WhiteFideId "14108003"]
[BlackFideId "12832251"]
[WhiteElo "2347"]
[BlackElo "2510"]
[WhiteTeam "UKR"]
[BlackTeam "LTU"]
[WhiteClock "0:00:07"]
[BlackClock "0:01:00"]

1. d4 Nf6 2. c4 b6 3. Nc3 Bb7 4. Qc2 d5 5. cxd5 Nxd5 6. Nf3 g6 7. e4 Nxc3 8. bxc3 Bg7 9. Bd3 O-O 10. O-O c5 11. Ba3 Nd7 12. Rfd1 Rc8 13. Qe2 Qc7 14. Rac1 c4 15. Bb1 Rfe8 16. h3 e5 17. d5 Nc5 18. Qxc4 Ba6 19. Qb4 Be2 20. Re1 Bxf3 21. gxf3 Qd7 22. Kg2 Bh6 23. Rcd1 Qe7 24. Qb5 Qg5+ 25. Kh1 Qh4 26. Qf1 Na4 27. d6 Rxc3 28. d7 Rd8 29. Rd3 Rxd3 30. Bxd3 Rxd7 31. Bb5 Rd4 32. Bxa4 Rxa4 33. Bb2 Bf4 34. Rd1 Rc4 35. Rd8+ Kg7 36. Kg2 Rc2 37. Ba3 Qxd8 38. Qb1 Qg5+ 39. Kf1 Rc1+ 40. Bxc1 Bxc1 41. Ke2 Qd2+ 42. Kf1 Bb2 43. Kg2 h5 44. a4 Bd4 45. Qf1 Qxf2+ 46. Qxf2 Bxf2 47. Kxf2 a6 48. Ke3 Kf6 49. Kd3 b5 50. a5 Kg5 51. Kc3 Kf4 52. Kb4 Kxf3 53. Kc5 f5 54. exf5 gxf5 55. Kb6 b4 56. Kxa6 b3 57. Ka7 b2 58. a6 b1=Q 59. Ka8 e4 60. h4 Qc1 61. Kb7 Qb2+ 62. Ka8 Qc3 63. Kb7 Qb4+ 64. Ka8 Qc5 65. Kb7 Qb5+ 66. Ka7 e3 0-1

[Event "January 9 Early 2024"]
[Site "https://www.chess.com"]
[Date "2024.01.11"]
[Round "11"]
[White "Jakubowski, Krzysztof"]
[Black "Dmitrenko, Viktor"]
[Result "1-0"]
[Board "132"]
[TimeControl "180+1"]
[WhiteFideId "1112848"]
[BlackFideId "14110270"]
[WhiteElo "2681"]
[BlackElo "2471"]
[WhiteTeam "POL"]
[BlackTeam "UKR"]
[WhiteClock "0:00:23"]
[BlackClock "0:00:01"]

1. e4 e6 2. d4 d5 3. Nc3 Bb4 4. e5 Ne7 5. a3 Bxc3+ 6. bxc3 c5 7. h4 Qa5 8. Bd2 Qa4 9. Qb1 c4 10. h5 h6 11. Be2 Nbc6 12. Bg4 Bd7 13. Nf3 b6 14. Qc1 O-O-O 15. O-O Kb8 16. Re1 Bc8 17. Bf4 Ka8 18. Bh3 Na5 19. Nh2 Nf5 20. Nf1 Qe8 21. g4 Ne7 22. Bh2 g6 23. Ng3 Nec6 24. Kh1 Qe7 25. Qe3 Qh4 26. Kg2 Rdg8 27. hxg6 fxg6 28. f4 Qe7 29. Re2 Qe8 30. Kh1 h5 31. gxh5 gxh5 32. Rg2 Ne7 33. Qf3 Nac6 34. Rag1 h4 35. Nf1 Rf8 36. Ne3 Nf5 37. Nxf5 exf5 38. Rg7 Be6 39. R1g6 Rhg8 40. Qg2 Rxg7 41. Rxg7 Ne7 42. Qg5 Nc8 43. Qh6 Rh8 44. Qf6 Rf8 45. Qg5 Rh8 46. Bg2 h3 47. Bf3 Rf8 48. Rg6 Rg8 49. Rg7 Rxg7 50. Qxg7 Qa4 51. Qc7 Qd7 52. Qxc4 1-0

[Event "January 9 Early 2024"]
[Site "https://www.chess.com"]
[Date "2024.01.11"]
[Round "11"]
[White "Zemlyanskii, Ivan"]
[Black "Bartel, Mateusz"]
[Result "1-0"]
[Board "133"]
[TimeControl "180+1"]
[WhiteFideId "24249971"]
[BlackFideId "1112635"]
[WhiteElo "2987"]
[BlackElo "2831"]
[WhiteTeam "RUS"]
[BlackTeam "POL"]
[WhiteClock "0:00:03"]
[BlackClock "0:00:07"]

1. d4 Nf6 2. c4 Nc6 3. Nc3 e5 4. d5 Ne7 5. h4 h5 6. e4 Ng6 7. g3 Bc5 8. Bg5 c6 9. Qd2 d6 10. Nh3 Bg4 11. Be2 Bd4 12. Qc2 Qb6 13. f3 Bxh3 14. Rxh3 Nd7 15. Bd2 Rc8 16. Kf1 Ne7 17. Kg2 cxd5 18. cxd5 O-O 19. Rhh1 f5 20. exf5 Nxf5 21. Rab1 Be3 22. Bd3 g6 23. Bxf5 Rxf5 24. Qd3 Bxd2 25. Qxd2 Rcf8 26. Rhf1 Nf6 27. Qh6 Kf7 28. Ne4 Nxd5 29. Ng5+ Ke7 30. Qg7+ R8f7 31. Qxg6 Ne3+ 32. Kh3 Nxf1 33. Qe6+ Kf8 34. Rxf1 Qxb2 35. Qxd6+ Kg7 36. Ne6+ Kh7 37. Ng5+ Kg7 38. Nxf7 Rxf7 39. Qe6 Qd4 40. Re1 Qf2 41. Qxe5+ Rf6 42. Qg5+ Kf7 43. Qxh5+ Kg7 44. Re7+ 1-0

[Event "January 9 Early 2024"]
[Site "https://www.chess.com"]
[Date "2024.01.11"]
[Round "11"]
[White "Kekic, Armin"]
[Black "Toktomushev, Teimur"]
[Result "0-1"]
[Board "134"]
[TimeControl "180+1"]
[WhiteFideId "14401274"]
[BlackFideId "14176726"]
[WhiteElo "2326"]
[BlackElo "2459"]
[WhiteTeam "BIH"]
[BlackTeam "UKR"]
[WhiteClock "0:00:33"]
[BlackClock "0:00:03"]

1. e4 c5 2. Nf3 e6 3. c3 d5 4. exd5 Qxd5 5. d4 Nf6 6. Na3 Nc6 7. Be2 cxd4 8. Nb5 Qd8 9. Nbxd4 Nxd4 10. Qxd4 Qxd4 11. Nxd4 Bc5 12. Nb5 O-O 13. Bf4 Bd7 14. Bd6 Bxd6 15. Nxd6 Bc6 16. Nc4 Bxg2 17. Rg1 Bd5 18. Ne5 g6 19. c4 Be4 20. O-O-O Rfd8 21. b3 Kf8 22. Kb2 Ke7 23. Kc3 Nd7 24. Nxd7 Rxd7 25. f4 Rad8 26. Rxd7+ Rxd7 27. b4 Kf6 28. Rg5 h6 29. Rc5 b6 30. Rc8 Kf5 31. c5 bxc5 32. bxc5 Bb7 33. Rh8 h5 34. Bb5 Rc7 35. Kb4 Kxf4 36. a4 a6 37. Bc4 e5 38. Rf8 f5 39. Rf6 g5 40. Be6 Be4 41. Bc4 a5+ 42. Kb5 h4 43. Kb6 Rc8 44. Bb5 g4 45. c6 g3 46. hxg3+ hxg3 47. c7 g2 48. Rg6 Ke3 49. Bd7 Rf8 50. c8=Q Rxc8 51. Bxc8 f4 52. Bh3 f3 53. Kxa5 Bxg6 0-1

[Event "January 9 Early 2024"]
[Site "https://www.chess.com"]
[Date "2024.01.11"]
[Round "11"]
[White "Chernomordik, Pavel"]
[Black "Eggleston, Thomas A"]
[Result "1/2-1/2"]
[Board "135"]
[TimeControl "180+1"]
[WhiteFideId "2804530"]
[BlackFideId "412139"]
[WhiteElo "2432"]
[BlackElo "2258"]
[WhiteTeam "ISR"]
[BlackTeam "ENG"]
[WhiteClock "0:00:33"]
[BlackClock "0:00:07"]

1. e4 e6 2. Nc3 d5 3. d4 Bb4 4. Ne2 dxe4 5. a3 Be7 6. Nxe4 Nf6 7. Qd3 Nxe4 8. Qxe4 Nd7 9. Bf4 c5 10. O-O-O Nf6 11. Qd3 Qb6 12. Nc3 Bd7 13. d5 Nxd5 14. Nxd5 exd5 15. Qxd5 Be6 16. Qe4 O-O 17. Bd3 g6 18. Bh6 Rfe8 19. Qe5 f6 20. Qg3 Bf7 21. Be4 Rad8 22. Rhe1 Bd6 23. Bf4 Be5 24. Bxe5 Rxe5 25. Rxd8+ Qxd8 26. f4 Re7 27. Bf3 Qe8 28. Rd1 Rd7 29. f5 Qe3+ 30. Kb1 Rxd1+ 31. Bxd1 Qxg3 32. hxg3 gxf5 33. Bf3 b6 34. Kc1 Kg7 35. Kd2 Kg6 36. Ke3 Kg5 37. b4 h5 38. c3 Be6 39. Be2 Bd5 40. Bf1 Kg4 41. Kf2 f4 42. Be2+ Kg5 43. gxf4+ Kxf4 44. Bxh5 Be4 45. g3+ Ke5 46. Ke3 Bd5 47. Be2 Be6 48. Bd3 Bf7 49. Be4 Be6 50. Bf3 Bf7 51. Bc6 Be6 52. Bf3 Bf7 1/2-1/2

[Event "January 9 Early 2024"]
[Site "https://www.chess.com"]
[Date "2024.01.11"]
[Round "11"]
[White "Murthy, Pappu"]
[Black "Thake, Conrad"]
[Result "1-0"]
[Board "136"]
[TimeControl "180+1"]
[WhiteFideId "2013401"]
[BlackFideId "5602947"]
[WhiteElo "1911"]
[BlackElo "1847"]
[WhiteTeam "USA"]
[BlackTeam "MLT"]
[WhiteClock "0:00:04"]
[BlackClock "0:00:02"]

1. e4 e6 2. d4 d5 3. Nc3 Bb4 4. e5 Qd7 5. a3 Bxc3+ 6. bxc3 b6 7. Nf3 Ba6 8. Bxa6 Nxa6 9. Qe2 Nb8 10. O-O Ne7 11. a4 Nbc6 12. Ba3 Na5 13. Nd2 Ng6 14. f4 Qxa4 15. Rfc1 Qd7 16. g3 Nc6 17. Qb5 a6 18. Qd3 Nge7 19. Kh1 h5 20. h3 Nf5 21. Kh2 Nce7 22. Nf3 Qb5 23. Qd2 a5 24. Rcb1 Qd7 25. Qd3 Ng6 26. Rb3 h4 27. g4 Nxf4 28. Qd2 g5 29. gxf5 exf5 30. Nxg5 Ng6 31. Rbb1 f4 32. Rf1 Qf5 33. Nf3 Qe4 34. Rae1 Qf5 35. e6 fxe6 36. Rg1 O-O-O 37. Rg5 Qf6 38. Reg1 Rdg8 39. Qg2 Rh6 40. Bc1 Qf7 41. Kh1 Rg7 42. Ne5 f3 43. Nxf7 fxg2+ 44. R1xg2 Rxf7 45. Rxg6 Rf1+ 46. Rg1 1-0

[Event "January 9 Early 2024"]
[Site "https://www.chess.com"]
[Date "2024.01.11"]
[Round "11"]
[White "Navara, David"]
[Black "Durarbayli, Vasif"]
[Result "0-1"]
[Board "137"]
[TimeControl "180+1"]
[WhiteFideId "309095"]
[BlackFideId "13402935"]
[WhiteElo "3009"]
[BlackElo "2859"]
[WhiteTeam "CZE"]
[BlackTeam "AZE"]
[WhiteClock "0:00:02"]
[BlackClock "0:00:04"]

1. d4 Nf6 2. c4 e6 3. Nc3 Bb4 4. e3 O-O 5. Bd3 c5 6. Nf3 d5 7. cxd5 cxd4 8. exd4 Nxd5 9. O-O Nc6 10. Bc2 Be7 11. a3 Bf6 12. Ne4 b6 13. Qd3 g6 14. Bh6 Re8 15. Ba4 Bb7 16. Rac1 Rc8 17. Rfd1 Bg7 18. Qd2 Re7 19. h4 Rec7 20. Bxg7 Kxg7 21. h5 Nce7 22. h6+ Kg8 23. Ne5 Nf5 24. Rxc7 Rxc7 25. g4 Qh4 26. gxf5 Qxe4 27. fxe6 fxe6 28. Qg5 Ne7 29. f3 Qf5 30. Qxf5 Nxf5 31. Bb3 Bd5 32. Bxd5 exd5 33. Ng4 Kf7 34. Kf2 Rc2+ 35. Ke1 Rxb2 36. Rc1 Nxd4 37. Rc7+ Ke6 38. Rxh7 Nxf3+ 39. Kd1 d4 40. Rg7 d3 41. Rc7 Rg2 42. Rc6+ Kd7 43. Ne5+ Nxe5 44. h7 Nf3 45. Rxg6 Rxg6 46. h8=Q Rg1# 0-1

[Event "January 9 Early 2024"]
[Site "https://www.chess.com"]
[Date "2024.01.11"]
[Round "11"]
[White "Arabidze, Meri"]
[Black "Manukian, Artak"]
[Result "1-0"]
[Board "138"]
[TimeControl "180+1"]
[WhiteFideId "13604040"]
[BlackFideId "13301373"]
[WhiteElo "2717"]
[BlackElo "2516"]
[WhiteTeam "GEO"]
[BlackTeam "ARM"]
[WhiteClock "0:00:17"]
[BlackClock "0:00:04"]

1. Nf3 g6 2. g3 Bg7 3. Bg2 e5 4. d3 d5 5. O-O Nc6 6. Nbd2 Nf6 7. c4 O-O 8. a3 a5 9. cxd5 Nxd5 10. Nc4 Re8 11. Bd2 a4 12. Rc1 h5 13. b4 axb3 14. Qxb3 Ra7 15. e3 Be6 16. Qb1 Qd7 17. Ng5 Bg4 18. h3 f6 19. hxg4 fxg5 20. gxh5 gxh5 21. Qb5 Nf6 22. Qc5 Qe7 23. Qxe7 Rxe7 24. Bxc6 bxc6 25. Bb4 Re6 26. e4 Nd7 27. Ne3 Bf8 28. Bxf8 Kxf8 29. Rc3 c5 30. Kg2 Rea6 31. Nc4 Kg7 32. Ra1 Kf6 33. Nb2 Rd6 34. a4 Rb6 35. Nc4 Rba6 36. a5 Nb8 37. Rh1 Kg6 38. Nxe5+ Kh6 39. Nc4 Nc6 40. f4 gxf4 41. gxf4 Nxa5 42. Ne5 Rb6 43. Rxc5 Nb3 44. Rd5 Rd6 45. Nf7+ Kg7 46. Nxd6 cxd6 47. Rhxh5 Nc5 48. Rdg5+ Kf8 49. Rh8+ Ke7 50. Rh7+ 1-0

[Event "January 9 Early 2024"]
[Site "https://www.chess.com"]
[Date "2024.01.11"]
[Round "11"]
[White "Matveeva, Olga"]
[Black "Tqebuchava, Zurab"]
[Result "0-1"]
[Board "139"]
[TimeControl "180+1"]
[WhiteFideId "24107018"]
[BlackFideId "13601113"]
[WhiteElo "2384"]
[BlackElo "2168"]
[WhiteTeam "RUS"]
[BlackTeam "GEO"]
[WhiteClock "0:00:02"]
[BlackClock "0:00:11"]

1. d4 d5 2. c4 c6 3. Nf3 Nf6 4. Qb3 dxc4 5. Qxc4 Be6 6. Qc2 g6 7. Nc3 Bg7 8. e4 Bg4 9. Be3 Bxf3 10. gxf3 O-O 11. h4 h5 12. O-O-O a5 13. Bd3 b5 14. Rdg1 Na6 15. e5 Nb4 16. exf6 Nxc2 17. fxg7 Kxg7 18. Bxc2 a4 19. Rg5 a3 20. b3 Qa5 21. Bd2 Qb6 22. Be3 Qa5 23. Ne4 Rfd8 24. Rhg1 Qb4 25. Rxh5 Rxd4 26. Rhg5 Rxe4 27. fxe4 Qc3 28. Rd1 Qb2+ 29. Kd2 Rd8+ 30. Ke1 Rxd1+ 31. Bxd1 Qxa2 32. Bd4+ f6 33. h5 Qb1 34. Rxg6+ Kh7 35. e5 a2 36. exf6 Qe4+ 37. Kf1 Qxd4 38. Rg7+ Kh6 39. Rg6+ Kh7 40. Rg7+ Kh8 41. f7 Qxg7 0-1

[Event "January 9 Early 2024"]
[Site "https://www.chess.com"]
[Date "2024.01.11"]
[Round "11"]
[White "Hayrapetyan, Hovik"]
[Black "Nigalidze, Gaioz"]
[Result "0-1"]
[Board "140"]
[TimeControl "180+1"]
[WhiteFideId "13302639"]
[BlackFideId "13603078"]
[WhiteElo "2792"]
[BlackElo "2673"]
[WhiteTeam "ARM"]
[BlackTeam "GEO"]
[WhiteClock "0:00:04"]
[BlackClock "0:00:09"]

1. d4 Nf6 2. c4 d6 3. Nf3 g6 4. Nc3 Bg7 5. g3 O-O 6. Bg2 c6 7. O-O a6 8. e4 Bg4 9. h3 Bxf3 10. Bxf3 e5 11. Be3 exd4 12. Bxd4 Nbd7 13. Bg2 Qc7 14. Qd2 a5 15. Rad1 Rad8 16. Be3 Nc5 17. Rfe1 Rfe8 18. Bf4 Bf8 19. Qd4 Nh5 20. Be3 Bg7 21. Qd2 Nf6 22. Bf4 Bf8 23. b3 Ne6 24. Be3 Nc5 25. Bg5 Bg7 26. Kh2 Ne6 27. Be3 Nc5 28. Bf4 Bf8 29. g4 Bg7 30. Kg1 Bf8 31. g5 Nh5 32. Bh2 Qe7 33. Qe3 Ng7 34. h4 Nh5 35. Ne2 Ne6 36. Ng3 Nxg3 37. Bxg3 Bg7 38. Re2 c5 39. Rd5 Nd4 40. Rd2 Be5 41. f4 Bg7 42. Qf2 Qe6 43. Kh2 Qe7 44. h5 b6 45. h6 Bh8 0-1

[Event "January 9 Early 2024"]
[Site "https://www.chess.com"]
[Date "2024.01.11"]
[Round "11"]
[White "Derjabin, Ilja"]
[Black "Cruz, William Ferreira Da"]
[Result "1-0"]
[Board "141"]
[TimeControl "180+1"]
[WhiteFideId "14104768"]
[BlackFideId "2118050"]
[WhiteElo "2527"]
[BlackElo "2348"]
[WhiteTeam "UKR"]
[BlackTeam "BRA"]
[WhiteClock "0:00:16"]
[BlackClock "0:00:13"]

1. d4 Nf6 2. c4 g6 3. Nc3 Bg7 4. e4 O-O 5. Nge2 d6 6. Ng3 e5 7. d5 c6 8. Be2 a6 9. a4 a5 10. O-O Na6 11. Be3 Nb4 12. Rc1 Qe7 13. h3 Bd7 14. Qd2 h5 15. Bg5 c5 16. Bxh5 Qe8 17. Be2 Nh7 18. Bh6 f5 19. Bxg7 Kxg7 20. exf5 gxf5 21. f4 e4 22. Nb5 Bxb5 23. axb5 Nf6 24. Nxf5+ Kh8 25. g4 a4 26. Qe3 Qd7 27. Kh2 Rf7 28. Nh6 Rh7 29. g5 Nd3 30. Bxd3 exd3 31. Qxd3 Re8 32. Rce1 Rhe7 33. Rxe7 Qxe7 34. gxf6 Qxf6 35. Ng4 Qxb2+ 36. Kg3 Re2 37. Qg6 a3 38. f5 Qc3+ 39. Kh4 Re7 40. f6 Rh7+ 41. Qxh7+ Kxh7 42. f7 a2 43. f8=Q a1=Q 44. Rxa1 Qxa1 45. Qxd6 Qe1+ 46. Kg5 Qc1+ 47. Kf5 Qc2+ 48. Ke6 Qxc4 49. Qe7+ Kg6 50. Ne5+ Kh5 51. Qh7+ Kg5 52. Qf5+ Kh4 53. Nxc4 b6 54. Qg4# 1-0

[Event "January 9 Early 2024"]
[Site "https://www.chess.com"]
[Date "2024.01.11"]
[Round "11"]
[White "Rakhmatullaev, Almas"]
[Black "Isajevsky, Anton"]
[Result "1-0"]
[Board "142"]
[TimeControl "180+1"]
[WhiteFideId "14205793"]
[BlackFideId "4142500"]
[WhiteElo "2842"]
[BlackElo "2650"]
[WhiteTeam "UZB"]
[BlackTeam "RUS"]
[WhiteClock "0:00:03"]
[BlackClock "0:00:02"]

1. e4 c5 2. Nf3 d6 3. d4 cxd4 4. Qxd4 e5 5. Qe3 Nf6 6. c4 Be7 7. Be2 O-O 8. O-O Nc6 9. h3 Be6 10. Nc3 Qb8 11. Rd1 Rc8 12. b3 Bd8 13. Ba3 Bb6 14. Qd3 Bc5 15. Bxc5 dxc5 16. Nd5 Bxd5 17. cxd5 Nd4 18. Rac1 Ne8 19. Nd2 Nd6 20. Bg4 Rc7 21. f4 f6 22. fxe5 fxe5 23. Rf1 Qe8 24. Nf3 Qe7 25. Nxd4 cxd4 26. Be6+ Kh8 27. Rxc7 Qxc7 28. Qf3 h6 29. Kh1 Qe7 30. Qg3 Qg5 31. Qe1 b6 32. Qb4 Rd8 33. Kh2 Qe3 34. Rf3 Qxe4 35. Qa4 Qg6 36. Qc6 e4 37. Rg3 Qf6 38. Qc7 d3 39. Rxg7 Qe5+ 40. g3 d2 41. Rh7# 1-0